 Dungeon Crawl Stone Soup version 0.30-a0-304-gdc4b735fe1 (webtiles) character file.

Game seed: 17713667837116854744

2910 MrRokkomies the Covert (level 9, -3/77 (84) HPs)
             Began as an Armataur Delver on Oct 20, 2022.
             Was a Priest of Okawaru.
             Slain by a wight
             ... wielding a +0 dire flail
              (6 damage)
             ... while petrified by a basilisk
             ... on level 8 of the Dungeon.
             The game lasted 00:25:18 (8225 turns).

MrRokkomies the Covert (Armataur Delver)            Turns: 8225, Time: 00:25:19

HP:   -3/77 (84)    AC: 10    Str: 29    XL:     9   Next: 49%
MP:   9/9           EV:  1    Int: 10    God:    Okawaru [***...]
Gold: 109           SH:  0    Dex: 19    Spells: 8/8 levels left

rFire   + . .      SeeInvis .    a - +3 dagger (vorpal)
rCold   . . .      Faith    .    (no shield)
rNeg    + + +      Spirit   .    G - +1 acid dragon scales
rPois   ∞          Reflect  .    j - +0 helmet
rElec   .          Harm     .    e - scarf {shadows}
rCorr   +          Roll     +    H - +1 pair of gloves of the Pit {Str+6 Dex+2}
Will    .....                    (no barding)
Stlth   ++++......               (no amulet)
HPRegen 0.32/turn                m - +6 ring of strength
MPRegen 0.11/turn                h - ring of protection from fire

@: about to teleport, petrified, drained
A: large, rugged brown scales 3, deformed body, armoured tail, roll, long
tongue, awkward tongue
a: Renounce Religion, Heroism


You were on level 8 of the Dungeon.
You worshipped Okawaru.
Okawaru was most pleased with you.
You visited 1 branch of the dungeon, and saw 8 of its levels.

You collected 508 gold pieces.
You spent 399 gold pieces at shops.

Inventory:

Hand Weapons
 a - a +3 vorpal dagger (weapon)
 v - a +1 dagger of venom
Missiles
 F - 7 poisoned darts (quivered)
Armour
 e - a scarf of shadows (worn)
 j - a +0 helmet (worn)
 G - +1 acid dragon scales (worn)
 H - the +1 pair of gloves of the Pit (worn) {Str+6 Dex+2}
   (You bought it in a shop on level 4 of the Dungeon)

   Str:       It affects your strength (+6).
   Dex:       It affects your dexterity (+2).
Jewellery
 h - a ring of protection from fire (right hand)
 m - a +6 ring of strength (left hand)
Wands
 d - a wand of mindburst (7)
 g - a wand of digging (3)
 i - a wand of paralysis (10)
 z - a wand of acid (7)
 C - a wand of roots (12)
Scrolls
 b - a scroll of immolation
 n - 2 scrolls of poison
 q - 2 scrolls of fog
 t - 2 scrolls of magic mapping
 w - 3 scrolls of identify
 x - 2 scrolls of enchant armour
 y - 2 scrolls of teleportation
Potions
 c - a potion of lignification {unknown}
 f - 3 potions of haste
 k - 4 potions of mutation
 l - 3 potions of invisibility
 o - a potion of curing
 p - 2 potions of brilliance {unknown}
 r - 2 potions of attraction
 s - 3 potions of magic {unknown}
 B - a potion of flight {unknown}
 E - a potion of berserk rage {unknown}
Miscellaneous
 u - a piece from Xom's chessboard (15/15)


   Skills:
 * Level 7.5 Fighting
 * Level 7.1 Short Blades
 + Level 4.2 Dodging
 + Level 8.6 Stealth


You had 8 spell levels left.
You didn't know any spells.
Your spell library contained the following spells:

 Spells                   Type           Power      Damage    Failure   Level
 Shock                    Conj/Air       0%         1d3       41%         1
 Slow                     Hex            0%         N/A       41%         1
 Confusing Touch          Hex            0%         N/A       80%         3
 Frozen Ramparts          Ice            0%         1d1       80%         3
 Swiftness                Air            0%         N/A       80%         3
 Vampiric Draining        Necr           0%         2d6       80%         3
 Airstrike                Air            0%         2d(0-16)  99%         4
 Ice Form                 Ice/Tmut       0%         N/A       99%         4
 Borgnjor's Vile Clutch   Necr/Erth      0%         N/A       100%        5
 Animate Dead             Necr           Unusable   N/A       N/A         4
 Summon Ice Beast         Ice/Summ       Unusable   N/A       N/A         4
 Death Channel            Necr           Unusable   N/A       N/A         6

Dungeon Overview and Level Annotations

Branches:
Dungeon (8/15)             Temple (0/1) D:4
   Lair: D:8-11

Altars:
Ashenzari
Okawaru
Sif Muna
Uskayaw
Xom
Yredelemnul

Shops:
D:4 :[[([   D:7 *

Annotations:
D:3 3 runed translucent doors, AarnesTheHuman's ghost, amateur FoFi


Innate Abilities, Weirdness & Mutations

You are completely covered in rugged brown scales. (AC +3, +7% HP)
Armour fits poorly on your strangely shaped body.
You have a long armoured tail.
You roll when moving toward enemies. (Rampage)
Your long tongue fully drains potion bottles. (2x potion effects)
Your tongue gives you trouble enunciating. (1.5x scroll delay)


Message History

The basilisk bites you!
* * * LOW HITPOINT WARNING * * *
You hit the basilisk but do no damage.
You tail-slap the basilisk, but do no damage.
The basilisk is heavily wounded.
The wight closely misses you.
The basilisk bites you but does no damage.
The wight hits you but does no damage.
You hit the basilisk. You punch the basilisk.
The basilisk is severely wounded.
You barely miss the basilisk.
Your tail-slap misses the basilisk.
The basilisk is severely wounded.
The wight hits you with a +0 dire flail!
* * * LOW HITPOINT WARNING * * *
The basilisk barely misses you. The wight closely misses you.
You slurp down every last drop of the 2 potions of curing!
You feel better.
The wight hits you with a +0 dire flail.
* * * LOW HITPOINT WARNING * * *
You feel drained. The wight closely misses you. The basilisk gazes at you.
You are slowing down.
Okay, then.
As you slowly read the scroll of teleportation, it crumbles to dust.
You feel strangely unstable.
The wight hits you with a +0 dire flail!
* * * LOW HITPOINT WARNING * * *
You feel drained.
* * * LOW HITPOINT WARNING * * *
The wight hits you from afar with a +4 spear.
* * * LOW HITPOINT WARNING * * *
You feel drained.
The basilisk bites you but does no damage.
The wight barely misses you.
The wight hits you with a +0 dire flail!
* * * LOW HITPOINT WARNING * * *
The basilisk barely misses you.
You have turned to stone.
The wight hits you from afar with a +4 spear.
The wight hits you with a +0 dire flail!
You die...

.. ### #.# ##.
... .. ##
###.###.##..#
.........#.##
#.###.##...##
.....z.#.# ##
..##.##lz.#...
#.#...#@#.#.#.
...#...#...#.#
#...#.#.#.#.#
..##.##...#...#
#.......#.#.#.
##.###.##...#.
..........#.#.#
.###.###.##...#
............#.#


You could see a basilisk and 2 wights.

Vanquished Creatures
  Maurice (D:8)
  Sigmund (D:2)
  A wyvern (D:7)
  A steam dragon (D:8)
  An acid dragon (D:5)
  2 water moccasins (D:7)
  2 ice beasts
  An orc warrior (D:7)
  An ogre (D:7)
  A centaur (D:7)
  A bullfrog (D:7)
  A scorpion (D:5)
  2 necrophages
  3 wights
  2 howler monkeys
  2 hounds (D:5)
  3 jellies
  2 gnoll boudas
  4 orc priests
  Ijyb (D:4)
  Natasha (thrice) (D:2)
  4 iguanas
  4 orc wizards
  Robin (D:2)
  8 gnolls
  6 adders
  A shadow imp (D:7)
  2 white imps
  2 ufetubi (D:6)
  A worm (D:2)
  3 dart slugs
  17 orcs
  14 endoplasms
  A giant cockroach (D:3)
  17 goblins
  8 hobgoblins
  5 jackals (D:1)
  2 quokkas
  4 ball pythons
  6 bats
  A frilled lizard (D:3)
  15 kobolds
  6 rats
164 creatures vanquished.

Vanquished Creatures (others)
  A fungus (D:8)
  2 plants (D:8)
  9 toadstools (D:4)
12 creatures vanquished.

Grand Total: 176 creatures vanquished

Notes
Turn   | Place    | Note
-------+----------+-------------------------------------------
     0 | D:5      | MrRokkomies the Armataur Delver began the quest for the
                  | Orb.
     0 | D:5      | Reached XP level 1. HP: 19/19 MP: 1/1
    17 | D:4      | Found Uraokoin's Weapon Shoppe.
    20 | D:4      | Noticed Ijyb
    43 | D:4      | Found Zuzots's Antique Armour Boutique.
    47 | D:4      | Found Zovoyn's Book Boutique.
   276 | D:2      | Noticed Natasha
   281 | D:2      | Killed Natasha
   282 | D:2      | Reached XP level 2. HP: 14/27 MP: 2/2
   282 | D:2      | Reached XP level 3. HP: 18/33 MP: 3/3
   398 | D:2      | Noticed Natasha
   411 | D:2      | Killed Natasha
   673 | D:1      | Reached XP level 4. HP: 40/40 MP: 4/4
  1725 | D:2      | Noticed Sigmund
  1736 | D:2      | Killed Sigmund
  1737 | D:2      | Reached skill level 6 in Stealth
  1737 | D:2      | Reached XP level 5. HP: 20/49 MP: 5/5
  1920 | D:2      | Noticed Robin
  1937 | D:2      | Noticed Natasha
  1938 | D:2      | Reached XP level 6. HP: 55/55 MP: 6/6
  1946 | D:2      | Killed Natasha
  1975 | D:2      | Killed Robin
  2428 | D:3      | Found a runed translucent gate.
  2428 | D:3      | Found a runed translucent gate.
  2428 | D:3      | Found a runed translucent gate.
  2431 | D:3      | Noticed AarnesTheHuman's ghost (amateur FoFi)
  2638 | D:3      | Found an iron altar of Okawaru.
  2659 | D:3      | Became a worshipper of Warmaster Okawaru
  2685 | D:3      | Found a broken altar of Ashenzari.
  3048 | D:4      | Found Wus Del's Armour Shoppe.
  3162 | D:4      | Killed Ijyb
  3235 | D:4      | Found Xugilol's Armour Boutique.
  3866 | D:4      | Reached XP level 7. HP: 39/64 MP: 7/7
  4247 | D:5      | Reached skill level 5 in Fighting
  4348 | D:5      | Reached * piety under Okawaru
  4499 | D:5      | Reached skill level 7 in Stealth
  4553 | D:5      | Found a shimmering altar of Xom.
  4580 | D:5      | Found a hide-covered altar of Uskayaw.
  4838 | D:5      | Reached skill level 5 in Short Blades
  4838 | D:5      | Reached XP level 8. HP: 73/73 MP: 8/8
  5633 | D:6      | Reached ** piety under Okawaru
  6244 | D:7      | Found a basalt altar of Yredelemnul.
  6244 | D:7      | Found a shimmering blue altar of Sif Muna.
  6368 | D:4      | Bought the +1 pair of gloves of the Pit {Str+6 Dex+2} for
                  | 399 gold pieces
  6459 | D:7      | Found Oghen's Assorted Antiques.
  7200 | D:7      | Reached skill level 8 in Stealth
  7245 | D:7      | Reached XP level 9. HP: 48/83 MP: 9/9
  7662 | D:7      | Reached *** piety under Okawaru
  7966 | D:8      | Noticed Maurice
  8003 | D:8      | Killed Maurice
  8224 | D:8      | HP: 3/77 [wight/+0 dire flail (5)]
  8225 | D:8      | Slain by a wight

Illustrated notes

Levels and vault maps discovered:
D:1:      onia_arrival_mini_maze, layout_basic, minmay_indecisive_spiral
D:2:      layout_rooms, kennysheep_generic_room_16, uniq_natasha, uniq_robin,
          uniq_sigmund
D:3:      layout_basic, mainiacjoe_overflow_catwalk, overflow_temple_1_default,
          ebering_ghost_rock_garden
D:4:      cheibrodos_fertilizer, layout_loops_ring,
          minmay_temple_entry_from_below_b, serial_shops, shop,
          nicolae_lakefront_shop, nicolae_stop_n_shop_2, kennysheep_mini,
          shop_statue, uniq_ijyb
D:5:      layout_gridville, lemuel_crystal_altar, nicolae_uskayaw_dance_hall
D:6:      layout_cave_pods
D:7:      layout_basic, jmf_multi_god_temple, serial_shops, nicolae_shop_stone,
          reono_crystal_passage, lemuel_flame_loot_1
D:8:      minmay_clustersquares, layout_loops_cross,
          nicolae_qazlal_eye_of_the_storm, david_lair_generic,
          hellmonk_bongcloud_opening, nicolae_concentric_dashed_squares_mild,
          uniq_maurice, uniq_prince_ribbit1

Skill      XL: |  1  2  3  4  5  6  7  8  9 |
---------------+----------------------------+-----
Short Blades   | 2 3 4 5 6 7 |  7.1
Fighting       | 3 4 5 6 7 |  7.5
Dodging        | 2 3 4 |  4.2
Stealth        | 6 7 8 |  8.6

Action                   |  1- 3 |  4- 6 |  7- 9 || total
-------------------------+-------+-------+-------++-------
Melee: Short sword       |    69 |     5 |       ||    74
       Tailslap          |    11 |    23 |    55 ||    89
       Dagger            |       |   178 |   287 ||   465
       Whip              |       |     1 |       ||     1
       Punch             |       |     2 |     6 ||     8
Evoke: Wand              |     2 |       |     8 ||    10
  Use: Scroll            |     2 |     7 |     9 ||    18
       Potion            |       |       |     6 ||     6
 Stab: Sleeping          |     4 |    17 |    12 ||    33
       Paralysed         |     1 |       |     1 ||     2
       Distracted        |     1 |     2 |       ||     3
Armor: Leather armour    |    24 |    40 |       ||    64
       Acid dragon scale |       |       |    75 ||    75
Dodge: Dodged            |    28 |    75 |   106 ||   209

Table legend: (Time is in decaauts)
 A = Elapsed time spent in this place.
 B = Non-inter-level travel time spent in this place.
 C = Inter-level travel time spent in this place.
 D = Time resting spent in this place.
 E = Time spent auto-exploring this place.
 F = Levels seen in this place.
 G = Mean time per level.
                   A        B        C        D        E       F      G
               +--------+--------+--------+--------+--------+-----+--------+
         Total |   8115 |   7619 |    496 |   1190 |   5140 |   8 | 1014.4 |
       Dungeon |   8115 |   7619 |    496 |   1190 |   5140 |   8 | 1014.4 |
               +--------+--------+--------+--------+--------+-----+--------+

Top non-repeatable levels by time:
     D:4: 1347 daAuts
     D:7: 1297 daAuts
     D:1: 1239 daAuts
     D:6: 1134 daAuts
     D:5: 1129 daAuts
     D:2: 898 daAuts
     D:3: 749 daAuts
     D:8: 319 daAuts
